 Dungeon Crawl Stone Soup version 0.26.1-11-gd32895ea62 (webtiles) character file.

Game seed: 2157159696184122255

47 Tirrikindir the Shield-Bearer (level 3, 0/26 HPs)
             Began as an Octopode Fighter on May 24, 2021.
             Was an Initiate of Gozag.
             Slain by a white imp (3 damage)
             ... on level 2 of the Dungeon.
             The game lasted 00:03:31 (1623 turns).

Tirrikindir the Shield-Bearer (Octopode Fighter)    Turns: 1623, Time: 00:03:32

Health: 0/26       AC:  1    Str: 16    XL:     3   Next: 70%
Magic:  3/3        EV: 11    Int: 10    God:    Gozag
Gold:   128        SH:  8    Dex: 11    Spells: 2/2 levels left

rFire    . . .     SeeInvis .   a - +0 long sword
rCold    . . .     Faith    .   b - +0 kite shield
rNeg     . . .     Spirit   .   (helmet restricted)
rPois    .         Reflect  .   (no amulet)
rElec    .         Harm     .   (no ring)
rCorr    .         Rampage  .   (no ring)
Will     .....                  (no ring)
Stlth    +++.......             (no ring)
HPRegen  0.08/turn              (no ring)
MPRegen  0.08/turn              (no ring)
                                (no ring)
                                (no ring)

@: no status effects
A: almost no armour, stealthy swim, amphibious, 8 rings, constrict 8, camouflage
1, gelatinous body 1
a: Renounce Religion, Potion Petition, Call Merchant, Bribe Branch


You were on level 2 of the Dungeon.
You worshipped Gozag.
Gozag was aware of your devotion.
You visited 1 branch of the dungeon, and saw 2 of its levels.

You collected 155 gold pieces.
You paid 27 gold pieces to Gozag.

Inventory:

Hand Weapons
 a - a +0 long sword (weapon)
 j - a +0 short sword
Armour
 b - a +0 kite shield (worn)
Scrolls
 e - 3 scrolls of remove curse
Potions
 c - 2 potions of might
 f - a potion of lignification
 g - a potion of brilliance {unknown}
 h - a potion of curing {unknown}
 i - a potion of haste {unknown}


   Skills:
 + Level 3.2 Fighting
 * Level 2.8 Long Blades
 + Level 3.2 Dodging
 + Level 1.4 Stealth
 + Level 3.3 Shields


You had 2 spell levels left.
You didn't know any spells.
Your spell library was empty.

Dungeon Overview and Level Annotations

Branches:
Dungeon (2/15)

Altars:
Gozag


Innate Abilities, Weirdness & Mutations

You cannot wear most types of armour.
You are very stealthy in the water. (Stealth+)
You are amphibious.
You can wear up to eight rings at the same time.
You can use your tentacles to constrict eight enemies at once.
Your skin changes colour to match your surroundings (Stealth+).
Your rubbery body absorbs attacks. (AC +1, EV +1)


Message History

You completely miss the kobold. You grab the kobold.
The kobold is severely wounded.
You constrict the kobold.
You kill the kobold!
You now have 128 gold pieces (gained 3).
You see here 3 stones.
HP restored.
A white imp comes into view.
The white imp shouts!
The white imp gestures at you. The puff of frost hits you!
The white imp gestures at you. The puff of frost hits you!
* * * LOW HITPOINT WARNING * * *
You barely miss the white imp. Your grab misses the white imp.
Your squeeze misses the white imp. The white imp hits you.
* * * LOW HITPOINT WARNING * * *
The white imp freezes you.
You die...
Your body crumbles into a pile of gold.

#+# #
#.# .
#.# #
#5# #@#
#
######.#
#
#......#
#
##.###.#
#.# #.#
#### #.#
### ....
#.#
######
#.# #<#
#.#
##.####


You could see a white imp.

Vanquished Creatures
  An adder (D:2)
  2 dart slugs (D:1)
  5 bats
  2 giant cockroaches (D:1)
  2 goblins (D:1)
  3 hobgoblins
  4 jackals (D:2)
  6 kobolds
  A quokka (D:2)
  A frilled lizard (D:2)
  3 rats (D:1)
30 creatures vanquished.

Notes
Turn   | Place    | Note
-------+----------+-------------------------------------------
     0 | D:1      | Tirrikindir the Octopode Fighter began the quest for the
                  | Orb.
     0 | D:1      | Reached XP level 1. HP: 16/16 MP: 1/1
   117 | D:1      | Reached XP level 2. HP: 19/21 MP: 2/2
   205 | D:1      | Reached skill level 1 in Stealth
   860 | D:2      | Reached XP level 3. HP: 26/26 MP: 3/3
   992 | D:2      | Found an opulent altar of Gozag.
   997 | D:2      | Became a worshipper of Gozag Ym Sagoz the Greedy
  1623 | D:2      | Slain by a white imp

Illustrated notes

Levels and vault maps discovered:
D:1:      ebering_hopf_link, layout_loops_ring, st_stairs_2
D:2:      layout_basic, general_overflow_altar

Skill      XL: |  1  2 |
---------------+-------+-----
Stealth        | 1 |  1.4
Fighting       | |  3.2
Long Blades    | |  2.8
Dodging        | |  3.2
Shields        | |  3.3

Action                   || total
-------------------------++-------
Melee: Long sword        ||    56
       Constrict         ||    19
       Tentacles         ||     6
  Use: Scroll            ||     3
 Stab: Sleeping          ||     9
       Distracted        ||     1
Armor: Skin              ||    10
Dodge: Dodged            ||    21
Block: Kite shield       ||    26
       Rpst.: Long sword ||     7
